[ AOE2 MATCH · #505587770 ]
UnrankedKoreans vs Romans
Player's team · WIN
Rival team · LOSS
[ REPLAY ANALYSIS · EXTRACTED FROM THE RECORDED GAME ]
Feudal
11:12
Castle
22:30
Imperial
—
| APM avg | 21.0 |
| APM peak | 54 |
| eAPM avg | 12.4 |
| Villagers / military | 46 / 16 |
Focus
⚔️ 29.4% · 🌾 70.6%
Fire Lancer ×10 · Skirmisher ×5 · Archer ×1
Feudal
11:15
Castle
23:48
Imperial
—
| APM avg | 27.8 |
| APM peak | 73 |
| eAPM avg | 12.0 |
| Villagers / military | 63 / 36 |
Focus
⚔️ 24.7% · 🌾 75.3%
Militia ×15 · Archer ×7 · Battering Ram ×5 · Knight ×4 · Scout Cavalry ×3 · Mangonel ×2
Match map
Initial resources + every placement click. Lines = walls · curves = elevation contours. ◆ gold · ⬟ stone · ● berries · ✦ relic · ◌ wall gap
Your base· Open — opponent sealed themselves in
Lazerth's base· ✓ Closed at 23:48 · 1t walls · no gate
Smoothed initial terrain · ◌ = detected wall gap · hover for details
Inputs per minute
— DarkAngel2173 - - Lazerth
Build order — DarkAngel2173
132 actions detected in the replay
| 0:02 | Queue | Villager (Male) |
| 0:02 | Research | Loom |
| 0:03 | Queue | Villager (Male) |
| 0:03 | Queue | Villager (Male) |
| 0:03 | Queue | Villager (Male) |
| 0:19 | Build | House |
| 0:21 | Build | House |
| 0:22 | Build | House |
| 0:26 | Build | House |
| 1:28 | Build | Mill |
| 1:51 | Queue | Villager (Male) |
| 2:23 | Queue | Villager (Male) |
| 2:55 | Queue | Villager (Male) |
| 3:15 | Queue | Villager (Male) |
| 3:38 | Queue | Villager (Male) |
| 3:39 | Queue | Villager (Male) |
| 4:16 | Queue | Villager (Male) |
| 4:35 | Queue | Villager (Male) |
| 4:50 | Queue | Villager (Male) |
| 5:04 | Queue | Villager (Male) |
| 5:17 | Build | Lumber Camp |
| 5:26 | Queue | Villager (Male) |
| 6:25 | Queue | Villager (Male) |
| 7:03 | Queue | Villager (Male) |
| 7:25 | Queue | Villager (Male) |
| 8:12 | Queue | Villager (Male) |
| 8:14 | Queue | Villager (Male) |
| 8:42 | Research | Feudal Age |
| 9:42 | Build | Mining Camp |
| 10:00 | Build | House |
| 10:04 | Build | House |
| 10:07 | Build | House |
| 10:16 | Build | House |
| 10:19 | Build | House |
| 10:33 | Queue | Villager (Male) |
| 10:33 | Queue | Villager (Male) |
| 10:34 | Queue | Villager (Male) |
| 10:34 | Queue | Villager (Male) |
| 11:12 | Age | Feudal Age |
| 11:17 | Queue | Villager (Male) |
| 12:41 | Build | Watch Tower |
| 12:47 | Build | Watch Tower |
| 13:03 | Build | Barracks |
| 13:10 | Queue | Villager (Male) |
| 13:11 | Queue | Villager (Male) |
| 13:13 | Queue | Villager (Male) |
| 13:14 | Queue | Villager (Male) |
| 13:27 | Build | Blacksmith |
| 14:01 | Build | Watch Tower |
| 14:03 | Build | Watch Tower |
| 14:28 | Research | Fletching |
| 14:30 | Queue | Villager (Male) |
| 15:20 | Build | Mining Camp |
| 15:29 | Queue | Villager (Male) |
| 15:42 | Queue | Villager (Male) |
| 16:02 | Build | Watch Tower |
| 16:12 | Build | Watch Tower |
| 17:36 | Build | House |
| 17:49 | Build | House |
| 17:53 | Build | Palisade Wall |
| 18:01 | Build | Palisade Wall |
| 18:35 | Build | Watch Tower |
| 18:38 | Build | Watch Tower |
| 18:49 | Research | Town Watch |
| 18:56 | Build | Market |
| 19:19 | Build | Watch Tower |
| 19:37 | Build | Watch Tower |
| 19:50 | Research | Castle Age |
| 20:01 | Build | Mining Camp |
| 20:13 | Build | Mining Camp |
| 20:38 | Build | Mining Camp |
| 20:47 | Build | Watch Tower |
| 21:00 | Build | Archery Range |
| 21:33 | Build | Lumber Camp |
| 21:36 | Build | Farm |
| 21:38 | Build | Farm |
| 21:38 | Build | Farm |
| 21:40 | Build | Farm |
| 21:48 | Queue | Archer |
| 22:11 | Queue | Skirmisher |
| 22:11 | Queue | Skirmisher |
| 22:12 | Queue | Skirmisher |
| 22:12 | Queue | Skirmisher |
| 22:25 | Queue | Skirmisher |
| 22:30 | Age | Castle Age |
| 22:34 | Queue | Villager (Male) |
| 22:34 | Queue | Villager (Male) |
| 23:01 | Build | House |
| 23:04 | Build | House |
| 23:08 | Build | Palisade Wall |
| 23:14 | Build | House |
| 23:17 | Build | Palisade Wall |
| 24:37 | Build | Castle |
| 24:45 | Queue | Fire Lancer |
| 24:59 | Build | Farm |
| 25:05 | Build | Farm |
| 25:23 | Queue | Fire Lancer |
| 25:24 | Queue | Fire Lancer |
| 25:24 | Queue | Fire Lancer |
| 25:25 | Queue | Fire Lancer |
| 25:25 | Queue | Fire Lancer |
| 25:26 | Queue | Fire Lancer |
| 25:54 | Queue | Villager (Male) |
| 25:56 | Queue | Villager (Male) |
| 26:04 | Build | Town Center |
| 27:55 | Build | Farm |
| 27:57 | Build | Farm |
| 28:18 | Queue | Fire Lancer |
| 28:19 | Queue | Fire Lancer |
| 28:19 | Queue | Fire Lancer |
| 28:45 | Research | Bodkin Arrow |
| 29:12 | Queue | Villager (Male) |
| 29:45 | Build | Watch Tower |
| 29:47 | Build | Watch Tower |
| 29:59 | Queue | Villager (Male) |
| 30:00 | Queue | Villager (Male) |
| 30:00 | Queue | Villager (Male) |
| 30:08 | Queue | Villager (Male) |
| 30:14 | Build | Mining Camp |
| 30:29 | Build | Watch Tower |
| 30:40 | Build | University |
| 31:20 | Build | Watch Tower |
| 31:44 | Queue | Villager (Male) |
| 31:45 | Queue | Villager (Male) |
| 31:45 | Queue | Villager (Male) |
| 31:46 | Queue | Villager (Male) |
| 31:46 | Queue | Villager (Male) |
| 32:00 | Build | Town Center |
| 32:59 | Build | Siege Workshop |
| 34:11 | Build | Watch Tower |
| 36:09 | Build | Watch Tower |
| 36:30 | Research | Ballistics |
Build order — Lazerth
First 150 of 166 actions detected
| 0:01 | Queue | Villager (Male) |
| 0:01 | Queue | Villager (Male) |
| 0:01 | Queue | Villager (Male) |
| 0:04 | Build | House |
| 0:05 | Build | House |
| 0:22 | Queue | Villager (Male) |
| 1:45 | Build | Lumber Camp |
| 1:52 | Queue | Villager (Male) |
| 1:52 | Queue | Villager (Male) |
| 2:30 | Queue | Villager (Male) |
| 2:48 | Queue | Villager (Male) |
| 3:16 | Build | House |
| 3:18 | Queue | Villager (Male) |
| 3:35 | Queue | Villager (Male) |
| 4:34 | Queue | Villager (Male) |
| 4:36 | Queue | Villager (Male) |
| 5:11 | Build | Mill |
| 5:32 | Queue | Villager (Male) |
| 5:34 | Queue | Villager (Male) |
| 6:06 | Queue | Villager (Male) |
| 6:09 | Queue | Villager (Male) |
| 6:36 | Queue | Villager (Male) |
| 6:47 | Build | House |
| 7:31 | Queue | Villager (Male) |
| 7:57 | Queue | Villager (Male) |
| 8:12 | Research | Loom |
| 8:34 | Build | House |
| 8:41 | Build | Palisade Wall |
| 8:45 | Build | House |
| 8:52 | Build | House |
| 9:00 | Build | House |
| 9:01 | Queue | Villager (Male) |
| 9:05 | Research | Feudal Age |
| 9:28 | Build | Barracks |
| 9:51 | Build | Lumber Camp |
| 9:52 | Queue | Villager (Male) |
| 9:52 | Queue | Villager (Male) |
| 10:24 | Build | House |
| 10:25 | Build | House |
| 10:30 | Queue | Militia |
| 10:30 | Queue | Militia |
| 10:43 | Build | Mining Camp |
| 10:46 | Queue | Villager (Male) |
| 10:59 | Queue | Villager (Male) |
| 11:15 | Age | Feudal Age |
| 11:27 | Queue | Militia |
| 11:43 | Build | House |
| 11:44 | Build | House |
| 12:00 | Queue | Villager (Male) |
| 12:08 | Queue | Militia |
| 12:38 | Build | House |
| 12:52 | Queue | Villager (Male) |
| 13:05 | Build | Blacksmith |
| 13:07 | Queue | Militia |
| 13:45 | Research | Man-at-Arms (upgrade) |
| 13:55 | Build | Mill |
| 14:08 | Research | Scale Mail Armor |
| 14:26 | Queue | Militia |
| 14:28 | Queue | Militia |
| 14:32 | Queue | Militia |
| 14:36 | Queue | Militia |
| 14:40 | Build | Farm |
| 14:45 | Build | Farm |
| 14:48 | Build | Farm |
| 15:23 | Queue | Militia |
| 15:24 | Queue | Militia |
| 15:39 | Queue | Militia |
| 16:02 | Queue | Villager (Male) |
| 16:04 | Queue | Villager (Male) |
| 16:06 | Build | Farm |
| 16:09 | Build | Farm |
| 16:11 | Build | Farm |
| 16:35 | Queue | Villager (Male) |
| 17:32 | Queue | Villager (Male) |
| 17:33 | Queue | Villager (Male) |
| 17:38 | Build | Farm |
| 17:52 | Build | Archery Range |
| 18:21 | Queue | Villager (Male) |
| 18:49 | Build | Mill |
| 18:58 | Queue | Villager (Male) |
| 19:01 | Queue | Archer |
| 19:02 | Queue | Archer |
| 19:26 | Queue | Villager (Male) |
| 19:42 | Queue | Archer |
| 19:46 | Queue | Archer |
| 19:49 | Queue | Archer |
| 20:19 | Queue | Archer |
| 20:35 | Queue | Archer |
| 21:05 | Queue | Villager (Male) |
| 21:08 | Research | Castle Age |
| 22:27 | Queue | Villager (Male) |
| 23:37 | Queue | Villager (Male) |
| 23:48 | Age | Castle Age |
| 24:12 | Build | Town Center |
| 24:17 | Build | Town Center |
| 24:27 | Build | Siege Workshop |
| 24:29 | Queue | Villager (Male) |
| 24:30 | Queue | Villager (Male) |
| 24:50 | Research | Chain Mail Armor |
| 24:54 | Build | Farm |
| 24:56 | Build | Farm |
| 25:09 | Queue | Mangonel |
| 25:20 | Queue | Villager (Male) |
| 25:21 | Queue | Villager (Male) |
| 25:25 | Build | Farm |
| 25:25 | Build | Farm |
| 25:25 | Build | Farm |
| 25:25 | Build | Farm |
| 25:25 | Build | Farm |
| 25:26 | Build | Farm |
| 25:26 | Build | Farm |
| 25:26 | Build | Farm |
| 25:51 | Queue | Villager (Male) |
| 25:52 | Queue | Villager (Male) |
| 26:29 | Queue | Mangonel |
| 26:35 | Queue | Villager (Male) |
| 26:58 | Research | Fletching |
| 27:10 | Build | Farm |
| 27:35 | Queue | Villager (Male) |
| 27:52 | Queue | Villager (Male) |
| 27:52 | Queue | Villager (Male) |
| 27:56 | Queue | Villager (Male) |
| 27:58 | Queue | Villager (Male) |
| 28:23 | Queue | Villager (Male) |
| 28:30 | Build | Stable |
| 29:02 | Build | Farm |
| 29:04 | Build | Farm |
| 29:07 | Build | Farm |
| 29:32 | Queue | Scout Cavalry |
| 29:34 | Queue | Scout Cavalry |
| 29:37 | Build | Farm |
| 29:46 | Queue | Battering Ram |
| 30:03 | Queue | Scout Cavalry |
| 30:20 | Build | Stable |
| 30:25 | Queue | Villager (Male) |
| 30:29 | Queue | Battering Ram |
| 30:46 | Build | House |
| 30:48 | Build | House |
| 31:07 | Queue | Battering Ram |
| 31:16 | Queue | Villager (Male) |
| 31:18 | Queue | Villager (Male) |
| 31:49 | Queue | Battering Ram |
| 32:15 | Build | House |
| 32:16 | Build | House |
| 32:17 | Build | House |
| 32:25 | Queue | Villager (Male) |
| 32:26 | Queue | Villager (Male) |
| 32:34 | Queue | Militia |
| 32:35 | Queue | Militia |
| 32:35 | Queue | Militia |
Match timeline
| 8:41 | Lazerth · wall_segment Palisade Wall x1 |
| 9:28 | Lazerth · first_building Barracks |
| 11:12 | DarkAngel2173 · age_up feudal |
| 11:15 | Lazerth · age_up feudal |
| 13:03 | DarkAngel2173 · first_building Barracks |
| 17:52 | Lazerth · first_building Archery Range |
| 17:53 | DarkAngel2173 · wall_segment Palisade Wall x1 |
| 18:01 | DarkAngel2173 · wall_segment Palisade Wall x1 |
| 19:48 | DarkAngel2173 · first_market_sell 100 wood |
| 21:00 | DarkAngel2173 · first_building Archery Range |
| 22:30 | DarkAngel2173 · age_up castle |
| 23:08 | DarkAngel2173 · wall_segment Palisade Wall x1 |
| 23:17 | DarkAngel2173 · wall_segment Palisade Wall x1 |
| 23:48 | Lazerth · age_up castle |
| 24:27 | Lazerth · first_building Siege Workshop |
| 24:37 | DarkAngel2173 · first_building Castle |
| 28:30 | Lazerth · first_building Stable |
| 28:41 | DarkAngel2173 · first_market_buy 100 food |
| 32:59 | DarkAngel2173 · first_building Siege Workshop |
| 36:46 | Lazerth · resign |
[ AI ANALYSIS · 1 CREDIT ]
What really happened in this match?
Wolo.gg analyzes every decision: build order, eco, micro, common mistakes by bracket. Personalized analysis on WhatsApp or Discord in 30 seconds.
Civ guide
Koreans
Perfil
Jugador #15314949